 Dungeon Crawl Stone Soup version 0.29-a0-472-ge5599a681e (webtiles) character file.

Game seed: 10741442577307918818

20427 croobank the Covert (level 12, -1/97 HPs)
             Began as a Gnoll Delver on May 22, 2022.
             Was an Initiate of Gozag.
             Slain by a water moccasin (3 damage)
             ... on level 3 of the Lair of Beasts.
             The game lasted 00:51:13 (18011 turns).

croobank the Covert (Gnoll Delver)                 Turns: 18011, Time: 00:51:20

Health: -1/97      AC:  7    Str: 15      XL:     12   Next: 79%
Magic:  19/23      EV: 16    Int: 11      God:    Gozag
Gold:   808        SH:  7    Dex: 17 (18) Spells: 19/26 levels left

rFire   + . .      SeeInvis .   F - +7 mace of Growth {vorpal, Dex+4 Stlth+}
rCold   + . .      Faith    .   N - +1 buckler
rNeg    . . .      Spirit   .   b - +0 leather armour
rPois   +          Reflect  .   (helmet restricted)
rElec   +          Harm     .   s - +2 cloak
rCorr   +          Rampage  .   (no gloves)
Will    .....                   (no boots)
Stlth   ++++++....              i - amulet of the acrobat
HPRegen 0.26/turn               M - ring of poison resistance
MPRegen 0.18/turn               z - +4 ring of slaying

@: mighty, brilliant, resistant, gold aura, very slightly contaminated, hasted,
invisible, unable to read, very quick
A: fangs 1, strong nose, distributed training, horns 1, deterioration 1, wild
magic 1, inability to read while threatened
a: Renounce Religion, Potion Petition, Call Merchant, Bribe Branch


You were on level 3 of the Lair of Beasts.
You worshipped Gozag.
Gozag was pleased with you.
You visited 3 branches of the dungeon, and saw 15 of its levels.

You collected 2363 gold pieces.
You spent 252 gold pieces at shops.
You paid 1303 gold pieces to Gozag.

Inventory:

Hand Weapons
 a - a +2 hand axe of freezing
 k - a +2 vampiric falchion
 o - the +5 trident "Jupsefer" {vorpal, SInv}
   (You found it on level 2 of the Lair of Beasts)

   It inflicts extra damage upon your enemies.
   SInv:      It lets you see invisible.
 v - a +6 hand axe
 F - the +7 mace of Growth (weapon) {vorpal, Dex+4 Stlth+}
   (You found it on level 7 of the Dungeon)

   It inflicts extra damage upon your enemies.
   Dex:       It affects your dexterity (+4).
   Stlth:     It makes you more stealthy.
 G - a +0 broad axe of freezing
 J - a +1 antimagic hand axe
 Z - a +1 vampiric spear
Missiles
 d - 36 poisoned darts (quivered)
 e - 226 stones
 u - 15 boomerangs
 S - 5 javelins
 Y - 7 curare-tipped darts
Armour
 b - a +0 leather armour (worn)
 s - a +2 cloak (worn)
 K - a +0 chain mail
 L - a +0 ring mail
 N - a +1 buckler (worn)
 Q - a +4 scale mail
 W - a +0 plate armour
Magical Staves
 r - a staff of conjuration
 x - a staff of poison
Jewellery
 i - an amulet of the acrobat (around neck)
 t - a ring of protection from fire
 z - a +4 ring of slaying (right hand)
 M - a ring of poison resistance (left hand)
 R - a ring of willpower
Wands
 g - a wand of digging (3)
 h - a wand of polymorph (30)
 D - a wand of flame (32)
 O - a wand of iceblast (9)
 X - a wand of paralysis (1)
Scrolls
 c - 4 scrolls of fog
 p - a scroll of vulnerability
 q - 2 scrolls of fear
 y - 3 scrolls of poison
 A - 2 scrolls of magic mapping
 C - 2 scrolls of teleportation
 V - 2 scrolls of identify
Potions
 f - 2 potions of haste
 j - 3 potions of brilliance
 l - a potion of degeneration
 m - a potion of attraction
 n - 3 potions of ambrosia
 B - 4 potions of invisibility
 E - a potion of curing
 H - 3 potions of lignification
 I - 2 potions of flight
 P - a potion of magic
 T - a potion of berserk rage {unknown}
Miscellaneous
 w - a phial of floods (inert)


   Skills:
 + Level 10.1 Fighting
 + Level 7.6 Short Blades
 + Level 7.6 Long Blades
 + Level 9.0 Axes
 + Level 7.6 Maces & Flails
 + Level 7.6 Polearms
 + Level 7.6 Staves
 + Level 7.6 Slings
 + Level 7.6 Bows
 + Level 7.6 Crossbows
 + Level 7.6 Throwing
 + Level 7.6 Armour
 + Level 9.0 Dodging
 + Level 12.1 Stealth
 + Level 7.6 Shields
 + Level 7.6 Unarmed Combat
 + Level 7.6 Spellcasting
 + Level 6.3 Conjurations
 + Level 6.3 Hexes
 + Level 6.3 Summonings
 + Level 6.3 Necromancy
 + Level 6.3 Translocations
 + Level 6.3 Transmutations
 + Level 6.3 Fire Magic
 + Level 6.3 Ice Magic
 + Level 6.3 Air Magic
 + Level 6.3 Earth Magic
 + Level 6.3 Poison Magic
 + Level 8.3 Invocations
 + Level 7.6 Evocations


You had 19 spell levels left.
You knew the following spells:

 Your Spells              Type           Power      Damage    Failure   Level
a - Mephitic Cloud        Conj/Pois/Air  35%        N/A       9%          3
b - Iskenderun's Mystic   Conj/Tloc      35%        2d8       26%         4

Your spell library contained the following spells:

 Spells                   Type           Power      Damage    Failure   Level
 Blink                    Tloc           70%        N/A       4%          2
 Static Discharge         Conj/Air       35%        N/A       4%          2
 Dazzling Flash           Conj/Hex       70%        N/A       9%          3
 Ignite Poison            Fire/Tmut/Pois 35%        N/A       9%          3
 Freezing Cloud           Conj/Ice/Air   17%        6-21      54%         5
 Lightning Bolt           Conj/Air       17%        1d32      54%         5
 Manifold Assault         Tloc           35%        N/A       54%         5
 Starburst                Conj/Fire      17%        6d6       97%         6
 Storm Form               Tmut/Air       17%        N/A       100%        7
 Borgnjor's Revivificati  Necr           17%        N/A       100%        8
 Maxwell's Capacitive Co  Air            17%        ∞         100%        8
 Necromutation            Tmut/Necr      17%        N/A       100%        8
 Death's Door             Necr           17%        N/A       100%        9


Dungeon Overview and Level Annotations

Branches:
Dungeon (11/15)            Temple (1/1) D:6            Lair (3/6) D:10
 Spider (0/4) Lair:2          Orc (0/2) D:11
  Swamp: Lair:2-4    Shoals: Lair:2-4

Altars:
Cheibriados
Elyvilon
Fedhas
Gozag
Hepliaklqana
Kikubaaqudgha
Makhleb
Nemelex Xobeh
Qazlal
Ru
Sif Muna
Trog
Wu Jian
Yredelemnul
The Shining One
Lugonu

Shops:
D:10 (

Portals:
Abyss: D:6

Annotations:
D:6 2 runed translucent doors


Innate Abilities, Weirdness & Mutations

You have very sharp teeth.
Your uncanny sense of smell can sniff out nearby items.
Your experience applies equally to all skills.
You have a pair of small horns on your head.
Your body sometimes deteriorates upon taking damage.
Your spells are a little harder to cast, but a little more powerful.
You sometimes lose the ability to read scrolls when taking damage.


Message History

Purchase which effect?
You feel yourself speed up.
You feel clever all of a sudden.
You fade into invisibility!
You feel very mighty all of a sudden. You block the black mamba's attack.
You block the eight-headed hydra's attack.
The eight-headed hydra misses you.
The eight-headed hydra closely misses you. x3
You block the eight-headed hydra's attack.
The eight-headed hydra barely misses you.
The eight-headed hydra completely misses you.
You catch the helpless eight-headed hydra completely off-guard!
You sock the eight-headed hydra! You headbutt the eight-headed hydra!
You bite the eight-headed hydra!
The eight-headed hydra is almost dead.
The black mamba closely misses you.
You catch the helpless eight-headed hydra completely off-guard!
You bludgeon the eight-headed hydra!!
You kill the eight-headed hydra!
The black mamba bites you!
* * * LOW HITPOINT WARNING * * *
Your body deteriorates!
You feel clumsy. The black mamba bites you.
* * * LOW HITPOINT WARNING * * *
Your Axes skill increases to level 9!
Your Dodging skill increases to level 9!
Okay, then. [a] - 390 gold - brilliance, magic and curing [b] - 576 gold - resistance, might and haste [c] - 253 gold - curing and magic Purchase which effect? [a] - 390 gold - brilliance, magic and curing [b] - 576 gold - resistance, might and haste [c] - 253 gold - curing and magic Purchase which effect?
You feel protected.
You feel mightier all of a sudden.
You feel as though your hastened speed will last longer.
The black mamba misses you. The water moccasin bites you.
You die...
Your body crumbles into a pile of gold.

##.... .......
#.....### .......
.....#.# .......
......##.......
#.............
#.............
#...............∆
##....S#S.........
#.....#@#.........
#.....#######.#..
##....###.##...####.
#.....#............
#..................
#..................
#..................
#............####.
#.....#....#..#


You could see a black mamba (can't see you) and a water moccasin (can't see
you).

Vanquished Creatures
  A boulder beetle (Lair:1)
  2 hydras
  Pikel (D:8)
  4 black mambas
  6 cane toads
  4 komodo dragons
  3 trolls
  5 blink frogs (Lair:2)
  4 dream sheep (Lair:3)
  9 yaks
  2 wyverns
  2 basilisks
  A steam dragon (D:8)
  Grum (D:10)
  3 redbacks (Lair:2)
  Menkaure (D:4)
  Edmund (D:4)
  14 water moccasins
  2 acid dragons (D:10)
  3 orc warriors
  A sky beast (D:6)
  A black bear (D:10)
  2 ice beasts
  3 ogres
  37 wolves
  A phantom (D:5)
  4 centaurs
  2 lemures (D:8)
  3 kobold brigands
  11 bullfrogs
  6 necrophages
  3 gnoll sergeants
  2 scorpions (D:4)
  12 killer bees
  2 howler monkeys (D:10)
  2 lava snakes (D:10)
  4 hounds
  6 orc priests
  2 gnoll shamans
  A jelly (D:7)
  Ijyb (D:3)
  Terence (D:3)
  An iguana (D:5)
  5 orc wizards
  A hound skeleton (D:5)
  23 gnolls
  4 adders
  2 white imps
  An adder skeleton (D:2)
  A worm (D:4)
  28 orcs
  4 ball pythons
  4 bats
  7 endoplasms
  3 giant cockroaches
  5 goblins
  7 hobgoblins
  3 jackals (D:1)
  17 kobolds
  2 quokkas
  A ball python skeleton (D:2)
  A ball python zombie (D:2)
  4 frilled lizards
  A giant cockroach zombie (D:2)
  2 quokka skeletons (D:2)
  5 rats
308 creatures vanquished.

Vanquished Creatures (others)
  11 fungi
  16 plants
  A withered plant (D:2)
28 creatures vanquished.

Grand Total: 336 creatures vanquished

Notes
Turn   | Place    | Note
-------+----------+-------------------------------------------
     0 | D:5      | Reached skill level 9 in Stealth
     0 | D:5      | croobank the Gnoll Delver began the quest for the Orb.
     0 | D:5      | Reached XP level 1. HP: 23/23 MP: 1/1
    27 | D:5      | Noticed a hound
    56 | D:5      | Noticed a hound
    86 | D:4      | Noticed a scorpion
    87 | D:4      | Noticed a hound
    94 | D:4      | Gained mutation: Your body sometimes deteriorates upon
                  | taking damage. [potion of mutation]
    94 | D:4      | Gained mutation: You have a pair of small horns on your
                  | head. [potion of mutation]
    94 | D:4      | Gained mutation: You sometimes lose the ability to read
                  | scrolls when taking damage. [potion of mutation]
    94 | D:4      | Gained mutation: Your spells are a little harder to cast,
                  | but a little more powerful. [potion of mutation]
    98 | D:4      | Killed a hound
    99 | D:4      | Reached XP level 2. HP: 21/29 MP: 1/3
    99 | D:4      | Reached XP level 3. HP: 25/35 MP: 1/4
   308 | D:2      | Reached skill level 1 in Invocations
   356 | D:2      | Reached skill level 1 in Short Blades
   356 | D:2      | Reached skill level 1 in Long Blades
   356 | D:2      | Reached skill level 1 in Maces & Flails
   356 | D:2      | Reached skill level 1 in Polearms
   356 | D:2      | Reached skill level 1 in Staves
   356 | D:2      | Reached skill level 1 in Slings
   356 | D:2      | Reached skill level 1 in Bows
   356 | D:2      | Reached skill level 1 in Crossbows
   356 | D:2      | Reached skill level 1 in Throwing
   356 | D:2      | Reached skill level 1 in Armour
   356 | D:2      | Reached skill level 1 in Shields
   356 | D:2      | Reached skill level 1 in Unarmed Combat
   356 | D:2      | Reached skill level 1 in Spellcasting
   356 | D:2      | Reached skill level 1 in Evocations
   686 | D:2      | Reached XP level 4. HP: 41/41 MP: 5/5
   756 | D:2      | Found a blossoming altar of Fedhas.
  1655 | D:1      | Learned a level 3 spell: Mephitic Cloud
  1688 | D:1      | Found a faded altar of an unknown god.
  2028 | D:3      | Reached skill level 1 in Conjurations
  2028 | D:3      | Reached skill level 1 in Hexes
  2028 | D:3      | Reached skill level 1 in Summonings
  2028 | D:3      | Reached skill level 1 in Necromancy
  2028 | D:3      | Reached skill level 1 in Translocations
  2028 | D:3      | Reached skill level 1 in Transmutations
  2028 | D:3      | Reached skill level 1 in Fire Magic
  2028 | D:3      | Reached skill level 1 in Ice Magic
  2028 | D:3      | Reached skill level 1 in Air Magic
  2028 | D:3      | Reached skill level 1 in Earth Magic
  2028 | D:3      | Reached skill level 1 in Poison Magic
  2231 | D:2      | Reached XP level 5. HP: 47/47 MP: 5/7
  2414 | D:3      | Noticed Terence
  2422 | D:3      | Killed Terence
  2681 | D:3      | HP: 1/47 [orc priest/nerve-wracking pain (9)]
  2684 | D:3      | Reached XP level 6. HP: 20/53 MP: 8/8
  3002 | D:3      | Noticed Ijyb
  3032 | D:3      | Killed Ijyb
  3318 | D:4      | Reached skill level 5 in Axes
  3318 | D:4      | Reached skill level 5 in Dodging
  3503 | D:4      | Reached XP level 7. HP: 53/59 MP: 10/10
  3604 | D:4      | Noticed Edmund
  3619 | D:4      | Killed Edmund
  3848 | D:4      | Found a shimmering blue altar of Sif Muna.
  3944 | D:4      | Reached skill level 10 in Stealth
  4226 | D:4      | Found a snail-covered altar of Cheibriados.
  4228 | D:4      | Noticed Menkaure
  4231 | D:4      | Killed Menkaure
  4232 | D:4      | Reached XP level 8. HP: 67/67 MP: 12/12
  4373 | D:5      | Found a sacrificial altar of Ru.
  4939 | D:5      | Found a burning altar of Makhleb.
  5147 | D:6      | Found a staircase to the Ecumenical Temple.
  5189 | Temple   | Entered the Ecumenical Temple
  5351 | Temple   | Became a worshipper of Gozag Ym Sagoz the Greedy
  5552 | D:6      | Found a large runed translucent door.
  5552 | D:6      | Found a large runed translucent door.
  5609 | D:6      | Found a corrupted altar of Lugonu.
  5609 | D:6      | Identified the +10 dagger "Testudinebane" {distort, rF-
                  | Str+4 Int+3}
  5632 | D:6      | Found a one-way gate to the infinite horrors of the Abyss.
  5665 | D:6      | Reached XP level 9. HP: 67/73 MP: 14/14
  5674 | D:6      | Learned a level 4 spell: Iskenderun's Mystic Blast
  5763 | D:6      | Found an ornate altar of the Wu Jian Council.
  6150 | D:6      | Found a stormy altar of Qazlal.
  6271 | D:7      | Identified the +7 mace of Growth {vorpal, Dex+4 Stlth+}
  6374 | D:7      | HP: 2/73 [orc warrior/+0 dire flail (10)]
  7219 | D:7      | Found an ancient bone altar of Kikubaaqudgha.
  7569 | D:8      | Reached skill level 5 in Invocations
  8205 | D:8      | Reached XP level 10. HP: 70/80 MP: 17/17
  8703 | D:8      | Noticed Pikel
  8715 | D:8      | Killed Pikel
  8716 | D:8      | Reached skill level 5 in Short Blades
  8716 | D:8      | Reached skill level 5 in Long Blades
  8716 | D:8      | Reached skill level 5 in Maces & Flails
  8716 | D:8      | Reached skill level 5 in Polearms
  8716 | D:8      | Reached skill level 5 in Staves
  8716 | D:8      | Reached skill level 5 in Slings
  8716 | D:8      | Reached skill level 5 in Bows
  8716 | D:8      | Reached skill level 5 in Crossbows
  8716 | D:8      | Reached skill level 5 in Throwing
  8716 | D:8      | Reached skill level 5 in Armour
  8716 | D:8      | Reached skill level 5 in Shields
  8716 | D:8      | Reached skill level 5 in Unarmed Combat
  8716 | D:8      | Reached skill level 5 in Spellcasting
  8716 | D:8      | Reached skill level 5 in Evocations
  9187 | D:9      | Reached skill level 11 in Stealth
 10133 | D:9      | Found a bloodstained altar of Trog.
 10135 | D:9      | Found a white marble altar of Elyvilon.
 10138 | D:9      | Found a sparkling altar of Nemelex Xobeh.
 10272 | D:10     | Entered Level 10 of the Dungeon
 10272 | D:10     | Found Hyasanoe's Antique Weapon Shoppe.
 10302 | D:10     | Noticed Sonja
 10309 | D:10     | Noticed Sonja
 10309 | D:10     | Sonja changed into Sonja the black bear
 10311 | D:10     | Killed Sonja the black bear
 10703 | D:10     | Found a hazy altar of Hepliaklqana.
 11243 | D:10     | Found a staircase to the Lair.
 11410 | D:10     | Noticed Grum
 11424 | D:10     | Reached XP level 11. HP: 69/87 MP: 19/19
 11438 | D:10     | Killed Grum
 12059 | D:10     | Reached skill level 5 in Conjurations
 12059 | D:10     | Reached skill level 5 in Hexes
 12059 | D:10     | Reached skill level 5 in Summonings
 12059 | D:10     | Reached skill level 5 in Necromancy
 12059 | D:10     | Reached skill level 5 in Translocations
 12059 | D:10     | Reached skill level 5 in Transmutations
 12059 | D:10     | Reached skill level 5 in Fire Magic
 12059 | D:10     | Reached skill level 5 in Ice Magic
 12059 | D:10     | Reached skill level 5 in Air Magic
 12059 | D:10     | Reached skill level 5 in Earth Magic
 12059 | D:10     | Reached skill level 5 in Poison Magic
 12663 | D:10     | Bought a glowing broad axe for 252 gold pieces
 12819 | D:11     | Found a staircase to the Orcish Mines.
 12942 | Lair:1   | Entered Level 1 of the Lair of Beasts
 13208 | Lair:1   | Noticed a boulder beetle
 13228 | Lair:1   | Killed a boulder beetle
 13768 | Lair:1   | Noticed an eight-headed hydra
 13778 | Lair:1   | Killed an eight-headed hydra
 14083 | Lair:1   | Reached XP level 12. HP: 24/96 MP: 20/22
 15782 | Lair:2   | Identified the +5 trident "Jupsefer" {vorpal, SInv}
 15924 | Lair:2   | Reached skill level 12 in Stealth
 16681 | Lair:2   | Found a hole to the Spider Nest.
 16959 | Lair:3   | Reached skill level 10 in Fighting
 17993 | Lair:3   | Noticed an eight-headed hydra
 18010 | Lair:3   | Killed an eight-headed hydra
 18010 | Lair:3   | HP: 2/97 [black mamba (6)]
 18011 | Lair:3   | Slain by a water moccasin

Illustrated notes

Levels and vault maps discovered:
D:1:      minmay_arrival_doors, layout_loops_corners,
          shapermc_ecumenical_altar_notcrosses, columned_hall_lemuel
D:2:      layout_loops_ring, basic_altar, serial_undead, serial_undead_c,
          serial_undead_f, serial_undead_d, serial_undead_a
D:3:      layout_rooms, uniq_ijyb, uniq_terence
D:4:      layout_loops_ring, cheibriados_altar_1, kennysheep_mini_moat,
          uniq_edmund, uniq_menkaure
D:5:      layout_loops_cross, mainiacjoe_overflow_paths,
          makhleb_blood_cavern_becter
D:6:      due_chaos_kobolds, layout_gridville, mainiacjoe_overflow_alcove_2,
          nicolae_qazlal_style_of_elements, temple_statues
D:7:      layout_basic, kiku_gazebo_pond_becter
D:8:      layout_basic, grunt_decor_arrowhead, minmay_crystal_room,
          chequers_hall_statues_corner_a, uniq_pikel
D:9:      nicolae_cairo_tiling_large, layout_basic,
          minmay_overflow_temple_star_quad
D:10:     layout_gridville, kennysheep_mini, erik_lair_dragon, serial_shops,
          nicolae_inconvenience_store, uniq_sonja, uniq_grum
D:11:     layout_layer_cave, orc_0_dummy, minmay_joined_circles
Temple:   minmay_temple_curvy_loop
Lair:1:   layout_concentric_octagons, guppyfry_lair_drakes
Lair:2:   layout_cave_pods, spider_nest_entry_webs
Lair:3:   layout_gridlike, grunt_megastairs_1, uniq_rupert

Skill      XL: |  1  2  3  4  5  6  7  8  9 10 11 12 |
---------------+-------------------------------------+-----
Stealth        | 10 11 12 | 12.1
Invocations    | 1 2 3 4 5 6 7 8 |  8.3
Short Blades   | 1 2 3 4 5 6 7 |  7.6
Long Blades    | 1 2 3 4 5 6 7 |  7.6
Maces & Flails | 1 2 3 4 5 6 7 |  7.6
Polearms       | 1 2 3 4 5 6 7 |  7.6
Staves         | 1 2 3 4 5 6 7 |  7.6
Slings         | 1 2 3 4 5 6 7 |  7.6
Bows           | 1 2 3 4 5 6 7 |  7.6
Crossbows      | 1 2 3 4 5 6 7 |  7.6
Throwing       | 1 2 3 4 5 6 7 |  7.6
Armour         | 1 2 3 4 5 6 7 |  7.6
Shields        | 1 2 3 4 5 6 7 |  7.6
Unarmed Combat | 1 2 3 4 5 6 7 |  7.6
Spellcasting   | 1 2 3 4 5 6 7 |  7.6
Evocations     | 1 2 3 4 5 6 7 |  7.6
Conjurations   | 1 2 3 4 5 6 |  6.3
Hexes          | 1 2 3 4 5 6 |  6.3
Summonings     | 1 2 3 4 5 6 |  6.3
Necromancy     | 1 2 3 4 5 6 |  6.3
Translocations | 1 2 3 4 5 6 |  6.3
Transmutations | 1 2 3 4 5 6 |  6.3
Fire Magic     | 1 2 3 4 5 6 |  6.3
Ice Magic      | 1 2 3 4 5 6 |  6.3
Air Magic      | 1 2 3 4 5 6 |  6.3
Earth Magic    | 1 2 3 4 5 6 |  6.3
Poison Magic   | 1 2 3 4 5 6 |  6.3
Axes           | 5 6 7 8 9 |  9.0
Dodging        | 5 6 7 8 9 |  9.0
Fighting       | 7 8 9 10 | 10.1

Action                   |  1- 3 |  4- 6 |  7- 9 | 10-12 || total
-------------------------+-------+-------+-------+-------++-------
Melee: Hand axe          |    28 |    95 |   100 |       ||   223
       Headbutt          |     7 |    12 |    46 |   103 ||   168
       Bite              |     7 |     2 |    17 |    55 ||    81
       Punch             |       |     1 |     4 |       ||     5
       Unarmed           |       |    15 |       |       ||    15
       Mace              |       |       |   104 |   351 ||   455
       Trident           |       |       |       |    89 ||    89
       Broad axe         |       |       |       |    85 ||    85
Throw: Dart              |       |       |     6 |     1 ||     7
       Throwing net      |       |       |       |     5 ||     5
 Cast: Mephitic Cloud    |       |       |       |     4 ||     4
       Iskenderun's Myst |       |       |       |     2 ||     2
Invok: Potion Petition   |       |       |       |     2 ||     2
Evoke: Wand              |       |       |     2 |     9 ||    11
       Phial of floods   |       |       |       |     1 ||     1
  Use: Potion            |     2 |     1 |     4 |     5 ||    12
       Scroll            |     3 |     5 |     8 |     6 ||    22
 Stab: Sleeping          |     7 |    17 |    16 |    18 ||    58
       Distracted        |       |       |       |     3 ||     3
       Held in net/web   |       |       |       |     3 ||     3
       Confused          |       |       |       |     4 ||     4
       Paralysed         |       |       |       |     3 ||     3
       Invisible         |       |       |       |     2 ||     2
Armor: Leather armour    |     4 |    11 |    26 |    56 ||    97
       Skin              |       |     7 |       |    21 ||    28
       Plate armour      |       |       |       |    96 ||    96
       Chain mail        |       |       |       |     9 ||     9
Dodge: Dodged            |    13 |    49 |   116 |   350 ||   528
Block: Buckler           |       |       |    32 |   213 ||   245

Table legend: (Time is in decaauts)
 A = Elapsed time spent in this place.
 B = Non-inter-level travel time spent in this place.
 C = Inter-level travel time spent in this place.
 D = Time resting spent in this place.
 E = Time spent auto-exploring this place.
 F = Levels seen in this place.
 G = Mean time per level.
                   A        B        C        D        E       F      G
               +--------+--------+--------+--------+--------+-----+--------+
         Total |  18100 |  17481 |    619 |   5218 |   9241 |  15 | 1206.7 |
       Dungeon |  12794 |  12265 |    529 |   2643 |   7435 |  11 | 1163.1 |
        Temple |    207 |    162 |     45 |    100 |     52 |   1 |  207.0 |
          Lair |   5098 |   5054 |     44 |   2475 |   1754 |   3 | 1699.3 |
               +--------+--------+--------+--------+--------+-----+--------+

Top non-repeatable levels by time:
    D:10: 2585 daAuts
  Lair:2: 2083 daAuts
  Lair:1: 1915 daAuts
     D:8: 1570 daAuts
     D:9: 1235 daAuts
     D:7: 1215 daAuts
     D:2: 1193 daAuts
     D:4: 1117 daAuts
  Lair:3: 1099 daAuts
     D:3: 1063 daAuts
     D:5: 945 daAuts
     D:6: 944 daAuts
     D:1: 807 daAuts
  Temple: 207 daAuts
    D:11: 114 daAuts
